Map: Site Delta LE

Players

llllllllllll - Winner!

  • Race: Terran Terran
  • League: Grandmaster
  • Spawn Location: 11:00

Warren

  • Race: Zerg Zerg
  • League: Grandmaster
  • Spawn Location: 5:00

VOD

Have the link to the VOD?

Description

Time

  • Played on: Dec. 7, 2023, 5:11 p.m.
  • Length: 3:44
Show
View Real Time Build Order
Export as new Build Order

llllllllllll Terran - Winner!

Build Orders: Reaper Expand 

Get SALT Encoding   

  12  0:00  SCV  
  13  0:12  SCV  
  14  0:17  Supply Depot  
  14  0:24  SCV  
  15  0:39  SCV  
  15  0:41  Barracks  
  16  0:45  Refinery  
  16  0:51  SCV  
  17  1:03  SCV  
  18  1:15  SCV  
  19  1:28  Reaper  
  19  1:29  Orbital Command  
  19  1:40  Command Center  
  19  1:46  Supply Depot  
  19  1:54  SCV  
  19  2:00  Marine  
  19  2:07  SCV  
  19  2:08  Factory  
  19  2:19  SCV  
  19  2:20  Refinery  
  19  2:22  Barracks Reactor  
  19  2:31  SCV  
  19  2:42  Bunker  
  19  2:43  SCV  
  19  2:52  Orbital Command  
  19  2:55  SCV, Starport  
  19  3:05  Hellion x2  
  19  3:07  Barracks Tech Lab, SCV  
  19  3:19  SCV  
  19  3:20  SCV  
  19  3:31  SCV  
  19  3:32  SCV  
  19  3:38  Supply Depot  
Show
View Real Time Build Order
Export as new Build Order

Warren Zerg 

Build Orders: Pool First 

Get SALT Encoding   

  12  0:00  Drone  
  13  0:14  Overlord  
  13  0:18  Drone  
  14  0:33  Drone x2  
  16  0:37  Drone  
  16  0:41  Extractor  
  16  0:47  Drone  
  17  0:51  Spawning Pool  
  16  0:58  Drone  
  17  1:09  Drone  
  18  1:20  Hatchery  
  18  1:24  Drone  
Tags
 
Add a new tag
Caveats
  • Supply blocks, unpowered buildings, or Contaminate may cause inaccurate times.
  • Supply counts are checked every 10 seconds.